 Dungeon Crawl Stone Soup version 0.28-a0-802-g09f76e8c00 (webtiles) character file.

Game seed: 17513426562229189084

11 ytrimaz the Skirmisher (level 2, 24/24 HPs)
             Began as a Demonspawn Fighter on Nov 6, 2021.
             Quit the game on level 1 of the Dungeon.
             The game lasted 00:00:45 (181 turns).

ytrimaz the Skirmisher (Demonspawn Fighter)          Turns: 181, Time: 00:00:45

Health: 24/24      AC:  6    Str: 16    XL:     2   Next: 13%
Magic:  2/2        EV:  9    Int:  9    God:
Gold:   0          SH:  4    Dex: 12    Spells: 1/1 levels left

rFire   . . .      SeeInvis .   a - +0 rapier
rCold   . . .      Faith    .   c - +0 buckler
rNeg    . . .      Spirit   .   b - +0 scale mail
rPois   .          Reflect  .   (no helmet)
rElec   .          Harm     .   (no cloak)
rCorr   .          Rampage  .   (no gloves)
Will    .....                   (no boots)
Stlth   ..........              (no amulet)
HPRegen 0.08/turn               (no ring)
MPRegen 0.08/turn               (no ring)

@: no status effects
A: foul stench 1
a: no special abilities


You were on level 1 of the Dungeon.
You visited 1 branch of the dungeon, and saw 1 of its levels.

Inventory:

Hand Weapons
 a - a +0 rapier (weapon)
Armour
 b - a +0 scale mail (worn)
 c - a +0 buckler (worn)
Scrolls
 e - a scroll of identify {unknown}
Potions
 d - a potion of might


   Skills:
 + Level 3.1 Fighting
 * Level 1.9 Short Blades
 + Level 2.8 Armour
 * Level 0.4 Dodging
 + Level 2.8 Shields


You had one spell level left.
You didn't know any spells.
Your spell library was empty.

Dungeon Overview and Level Annotations

Branches:
Dungeon (1/15)

Altars:


Innate Abilities, Weirdness & Mutations

You may rarely emit foul miasma when damaged in melee.


Message History

You escape the ball python's grasp.
You block the ball python's attack. The ball python grabs you.
The ball python constricts you.
You completely miss the ball python. The ball python bites you.
The ball python constricts you. You block the ball python's attack.
The ball python constricts you.
You puncture the ball python!
You kill the ball python!
HP restored.
A ball python comes into view.
The ball python hisses angrily.
You hear a bark!
The ball python moves out of view.
A ball python and a jackal come into view.
Found 11 gold pieces.
The jackal barks!
The jackal moves out of view.
A jackal comes into view.
There are monsters nearby!
There are monsters nearby!
The jackal moves out of view.
You hit the ball python.
You kill the ball python!
You have reached level 2!
Your demonic ancestry asserts itself...
You begin to emit a foul stench of rot and decay.
Unknown command.
The jackal barely misses you.
You see here a ball python corpse.
You puncture the jackal!
You kill the jackal!
You block the bat's attack.
You closely miss the bat. The bat closely misses you.
You block the bat's attack.
The jackal barks!
The bat hits you but does no damage.
A jackal comes into view.
You see here a ball python corpse.
The bat hits you but does no damage.
You puncture the bat!
You kill the bat!
Are you sure you want to abandon this character and quit the game? (Confirm with "yes".)

.♣.♣ ♣.♣.♣.♣...##
..................
♣$♣.♣.♣.♣.♣.♣...h.
...........h.....
♣.♣.♣.♣.♣.♣...
...........
♣.♣.♣.♣.♣.♣.♣#
........@†...#
♣.♣.♣.♣†♣.♣..# ..
#..##..# ... ##.###.#
### ... #..##.#
#######.) .....
##.##.####.......# .
.....##.##.......#...##
.............#...#'''#
.....##..#.#.....#.†.#


You could see a jackal.

Vanquished Creatures
  2 ball pythons (D:1)
  2 bats (D:1)
  An endoplasm (D:1)
  A giant cockroach (D:1)
  A goblin (D:1)
  A jackal (D:1)
8 creatures vanquished.

Notes
Turn   | Place    | Note
-------+----------+-------------------------------------------
     0 | D:1      | ytrimaz the Demonspawn Fighter began the quest for the Orb.
     0 | D:1      | Reached XP level 1. HP: 18/18 MP: 1/1
   174 | D:1      | Gained mutation: You may rarely emit foul miasma when
                  | damaged in melee. [demonic ancestry]
   174 | D:1      | Reached XP level 2. HP: 24/24 MP: 2/2
   181 | D:1      | Quit the game

Illustrated notes

Levels and vault maps discovered:
D:1:      lemuel_arrival_funnel, layout_rooms, serial_shops, nicolae_shop_stone,
          hellmonk_ecumenical_altar_slurped_away, kennysheep_crisscross

Action                   || total
-------------------------++-------
Melee: Rapier            ||    15
Armor: Scale mail        ||    10
Dodge: Dodged            ||    14
Block: Buckler           ||     7

Table legend: (Time is in decaauts)
 A = Elapsed time spent in this place.
 B = Non-inter-level travel time spent in this place.
 C = Inter-level travel time spent in this place.
 D = Time resting spent in this place.
 E = Time spent auto-exploring this place.
 F = Levels seen in this place.
 G = Mean time per level.
                   A        B        C        D        E       F      G
               +--------+--------+--------+--------+--------+-----+--------+
         Total |    182 |    182 |      0 |      0 |    138 |   1 |  182.0 |
       Dungeon |    182 |    182 |      0 |      0 |    138 |   1 |  182.0 |
               +--------+--------+--------+--------+--------+-----+--------+

Top non-repeatable levels by time:
     D:1: 182 daAuts
